[Event "21st Sants Open 2019"]
[Site "Cotxeres de Sants"]
[Date "2019.08.29"]
[Round "7.9"]
[White "Murshed, Niaz"]
[Black "Hillarp Persson, Tiger"]
[Result "0-1"]
[ECO "E73"]
[WhiteElo "2405"]
[BlackElo "2558"]
[Annotator "ChessBase"]
[PlyCount "112"]
[EventDate "2019.08.22"]
[EventType "swiss"]
[EventCountry "ESP"]
[SourceTitle "playchess.com"]
[Source "ChessBase"]
[SourceQuality "1"]
[TimeControl "40/5400+30:1800+30"]

1. d4 Nf6 2. c4 g6 3. Nc3 Bg7 4. e4 d6 5. Be2 O-O 6. Bg5 Na6 7. Qd2 e5 8. d5 c6 9. f3 cxd5 10. cxd5 Bd7 11. Bxa6 bxa6 12. Nge2 Qb6 13. Be3 Qb7 14. O-O Ne8 15. Rac1 Rc8 16. Nb1 f5 17. Rxc8 Bxc8 18. h3 Nf6 19. Qc2 fxe4 20. fxe4 Nxe4 21. Qxe4 Rxf1+ 22. Kxf1 Bf5 23. Qc4 Bxb1 24. Nc3 Bf5 25. Qc6 Bd3+ 26. Kg1 Qb8 27. Qd7 h6 28. Qe6+ Kh8 29. Kh2 Qxb2 30. Nd1 Qe2 31. Qg4 Qxg4 32. hxg4 Bc4 33. Nc3 e4 34. Bd2 e3 35. Be1 Be5+ 36. g3 Bf1 37. Kg1 Bh3 38. g5 hxg5 39. Ne4 Bf5 40. Nxg5 Kg7 41. Kg2 Bf6 42. Ne6+ Bxe6 43. dxe6 Bd4 44. Kf3 d5 45. Bb4 Kf6 46. e7 Kf7 47. Bd6 Bf6 48. Kxe3 Bxe7 49. Bb8 Bc5+ 50. Kf3 Ke6 51. g4 Kd7 52. a4 Kc6 53. Be5 Bb6 54. Bf6 Kc5 55. Kf4 Kc4 56. Kg5 d4 0-1

[Event "21st Sants Open 2019"]
[Site "Cotxeres de Sants"]
[Date "2019.08.29"]
[Round "7.11"]
[White "Brochet, Philippe"]
[Black "Garriga Cazorla, Pere"]
[Result "1/2-1/2"]
[ECO "B24"]
[WhiteElo "2400"]
[BlackElo "2495"]
[Annotator "ChessBase"]
[PlyCount "72"]
[EventDate "2019.08.22"]
[EventType "swiss"]
[EventCountry "ESP"]
[SourceTitle "playchess.com"]
[Source "ChessBase"]
[SourceQuality "1"]
[TimeControl "40/5400+30:1800+30"]

1. e4 c5 2. Nc3 Nc6 3. Bb5 Nd4 4. Nge2 a6 5. Bc4 b5 6. Bd5 Rb8 7. a3 e6 8. Ba2 g6 9. d3 Bg7 10. Bf4 d6 11. Nxd4 cxd4 12. Ne2 Ne7 13. Qd2 h6 14. O-O a5 15. c3 e5 16. Bg3 dxc3 17. bxc3 O-O 18. f4 Be6 19. Bxe6 fxe6 20. fxe5 Rxf1+ 21. Rxf1 dxe5 22. Qa2 Qd7 23. d4 Rf8 24. Rxf8+ Kxf8 25. Bxe5 Bxe5 26. dxe5 Nc6 27. Qb3 Nxe5 28. Nd4 Ke7 29. h3 Nd3 30. Nxb5 Qc6 31. Qa4 Qc5+ 32. Kh1 Qe3 33. Qxa5 Qc1+ 34. Kh2 Qf4+ 35. Kg1 Qc1+ 36. Kh2 Qf4+ 1/2-1/2

[Event "21st Sants Open 2019"]
[Site "Cotxeres de Sants"]
[Date "2019.08.29"]
[Round "7.12"]
[White "Umetsubo, Cesar Hidemitsu"]
[Black "Harika, Dronavalli"]
[Result "1/2-1/2"]
[ECO "B25"]
[WhiteElo "2396"]
[BlackElo "2495"]
[Annotator "ChessBase"]
[PlyCount "48"]
[EventDate "2019.08.22"]
[EventType "swiss"]
[EventCountry "ESP"]
[SourceTitle "playchess.com"]
[Source "ChessBase"]
[SourceQuality "1"]
[TimeControl "40/5400+30:1800+30"]

1. e4 c5 2. Nc3 Nc6 3. g3 g6 4. Bg2 Bg7 5. d3 d6 6. f4 e6 7. Nf3 Nge7 8. O-O O-O 9. Be3 b6 10. d4 Ba6 11. Rf2 d5 12. Rd2 Na5 13. b3 Rc8 14. Ne5 cxd4 15. Bxd4 Nac6 16. Nxc6 Rxc6 17. Bxg7 Kxg7 18. Ne2 Bxe2 19. Qxe2 Rc3 20. exd5 Nxd5 21. Bxd5 exd5 22. Qe5+ Qf6 23. Re1 Rfc8 24. Qxf6+ Kxf6 1/2-1/2

[Event "21st Sants Open 2019"]
[Site "Cotxeres de Sants"]
[Date "2019.08.29"]
[Round "7.13"]
[White "Lettieri, Giuseppe"]
[Black "Fernandez Diaz, Cristian"]
[Result "*"]
[ECO "A46"]
[WhiteElo "2431"]
[BlackElo "2303"]
[Annotator "NA"]
[PlyCount "87"]
[EventDate "2019.08.22"]
[EventType "swiss"]
[EventCountry "ESP"]
[SourceTitle "playchess.com"]
[Source "ChessBase"]
[SourceQuality "1"]
[TimeControl "40/5400+30:1800+30"]

1. d4 e6 2. Nf3 Nf6 3. e3 d5 4. c4 b6 5. Nc3 Bb7 6. Bd3 Bd6 7. O-O O-O 8. Qe2 Nbd7 9. e4 dxe4 10. Nxe4 Nxe4 11. Bxe4 Bxe4 12. Qxe4 c5 13. Rd1 Qc7 14. Bg5 Rfe8 15. Qd3 Nf8 16. Rac1 e5 17. dxc5 Bxc5 18. Qe4 Ne6 19. Be3 Bxe3 20. Qxe3 f6 21. g3 Rad8 22. Rd5 Qc6 23. Rxd8 Rxd8 24. b3 e4 25. Ne1 f5 26. Kf1 Kf7 27. f3 Qc5 28. Rc3 Qe5 29. fxe4 fxe4 30. Rc2 Nd4 31. Rf2+ Ke6 32. Rf4 Nf5 33. Qxe4 Qxe4 34. Rxe4+ Kf6 35. Nf3 Rd1+ 36. Re1 Rd3 37. Kf2 g5 38. g4 Ng7 39. h4 gxh4 40. Rh1 Rc3 41. Rxh4 Rc2+ 42. Ke3 Rxa2 43. Rh6+ Kf7 44. Rxh7 *

[Event "21st Sants Open 2019"]
[Site "Cotxeres de Sants"]
[Date "2019.08.29"]
[Round "7.14"]
[White "Cuartas, Jaime Alexander"]
[Black "Guerra Rivera, Salvador"]
[Result "*"]
[ECO "D30"]
[WhiteElo "2530"]
[BlackElo "2344"]
[Annotator "ChessBase"]
[PlyCount "53"]
[EventDate "2019.08.22"]
[EventType "swiss"]
[EventCountry "ESP"]
[SourceTitle "playchess.com"]
[Source "ChessBase"]
[SourceQuality "1"]
[TimeControl "40/5400+30:1800+30"]

1. d4 Nf6 2. c4 e6 3. Nf3 d5 4. Bg5 dxc4 5. e4 h6 6. Bxf6 Qxf6 7. Nc3 Bb4 8. Bxc4 c5 9. O-O Bxc3 10. bxc3 cxd4 11. cxd4 O-O 12. Qd3 Nc6 13. e5 Qe7 14. Qe4 Rd8 15. Bd3 g6 16. Rad1 Bd7 17. Bb1 Be8 18. h4 Nb4 19. h5 Nd5 20. Rc1 Rac8 21. Rxc8 Rxc8 22. hxg6 fxg6 23. Nh4 Qg7 24. Qg4 Rc6 25. Be4 g5 26. Nf5 Qf8 27. Bxd5 *

[Event "21st Sants Open 2019"]
[Site "Cotxeres de Sants"]
[Date "2019.08.29"]
[Round "7.15"]
[White "Romero Moreno, Felix"]
[Black "Todts, Benny"]
[Result "1-0"]
[ECO "A57"]
[WhiteElo "1914"]
[BlackElo "1932"]
[Annotator "NA"]
[PlyCount "51"]
[EventDate "2019.08.22"]
[EventType "swiss"]
[EventCountry "ESP"]
[SourceTitle "playchess.com"]
[Source "ChessBase"]
[SourceQuality "1"]
[TimeControl "40/5400+30:1800+30"]

1. d4 c5 2. d5 Nf6 3. c4 b5 4. cxb5 a6 5. b6 d6 6. Nc3 Nbd7 7. e4 g6 8. Nf3 Bg7 9. Nd2 Nxb6 10. a4 a5 11. Be2 O-O 12. O-O Ba6 13. Bxa6 Rxa6 14. Qe2 Ra8 15. Ra3 Qd7 16. h3 Rfb8 17. f4 Ne8 18. f5 e6 19. dxe6 fxe6 20. fxg6 Bd4+ 21. Kh1 Nf6 22. gxh7+ Qxh7 23. Nb5 Be5 24. Nxd6 Rd8 25. N2c4 Nxc4 26. Nxc4 1-0

[Event "21st Sants Open 2019"]
[Site "Cotxeres de Sants"]
[Date "2019.08.29"]
[Round "7.16"]
[White "Planella Sanchez, Jordi"]
[Black "Morais Carreras, Javier"]
[Result "1-0"]
[ECO "D00"]
[WhiteElo "1919"]
[BlackElo "1939"]
[Annotator "NA"]
[PlyCount "115"]
[EventDate "2019.08.22"]
[EventType "swiss"]
[EventCountry "ESP"]
[SourceTitle "playchess.com"]
[Source "ChessBase"]
[SourceQuality "1"]
[TimeControl "40/5400+30:1800+30"]

1. d4 d5 2. Bf4 Nf6 3. e3 e6 4. Bd3 c5 5. Nd2 Nc6 6. c3 Bd6 7. Ngf3 Bxf4 8. exf4 Qc7 9. g3 b6 10. O-O O-O 11. Rc1 a5 12. Qe2 c4 13. Bb1 Ba6 14. h3 Qd6 15. Kg2 b5 16. Ne5 b4 17. Nxc6 Qxc6 18. Nf3 Qd6 19. Ne5 a4 20. g4 g6 21. h4 Ne8 22. Qe3 f6 23. Nf3 f5 24. g5 Ng7 25. Rfe1 Nh5 26. Ne5 Rfe8 27. Bc2 a3 28. bxa3 bxc3 29. Bd1 Ng7 30. Rxc3 Rab8 31. h5 gxh5 32. Rh1 Rb1 33. Rc1 Rxc1 34. Qxc1 Qb6 35. Nd7 Qxd4 36. Nf6+ Kf8 37. Nxe8 Nxe8 38. Qe3 Qe4+ 39. Bf3 Qxe3 40. fxe3 Nd6 41. a4 Bb7 42. Rxh5 Bc6 43. a5 c3 44. Kf2 Nc4 45. Rh1 Nb2 46. a6 Ke7 47. Rxh7+ Kd6 48. Rh1 c2 49. Ke2 Nd1 50. Rxd1 Bb5+ 51. Kd2 cxd1=Q+ 52. Bxd1 Bxa6 53. Be2 Bb7 54. Bd3 Bc6 55. Kc3 Kc5 56. Be2 Be8 57. a3 Kd6 58. Kd4 1-0

[Event "21st Sants Open 2019"]
[Site "Cotxeres de Sants"]
[Date "2019.08.29"]
[Round "7.17"]
[White "Garcia Ruiz, Adrian"]
[Black "Perez Garcia, Jose Miguel"]
[Result "1-0"]
[ECO "B90"]
[WhiteElo "1933"]
[BlackElo "1904"]
[Annotator "NA"]
[PlyCount "69"]
[EventDate "2019.08.22"]
[EventType "swiss"]
[EventCountry "ESP"]
[SourceTitle "playchess.com"]
[Source "ChessBase"]
[SourceQuality "1"]
[TimeControl "40/5400+30:1800+30"]

1. e4 c5 2. Nf3 d6 3. d4 cxd4 4. Nxd4 Nf6 5. Nc3 a6 6. Bc4 e5 7. Nf3 Be7 8. O-O O-O 9. h3 Nc6 10. Re1 b5 11. Bb3 Na5 12. Nd5 Nxb3 13. axb3 Nxd5 14. exd5 f5 15. c4 bxc4 16. bxc4 Qb6 17. Ng5 f4 18. Ne6 Bxe6 19. dxe6 Rac8 20. Qa4 Rc6 21. Qa5 Qb7 22. Qd5 Qc8 23. b3 f3 24. Ba3 fxg2 25. c5 dxc5 26. Rxe5 Rd8 27. Qc4 Rd4 28. Qe2 Qf8 29. Bb2 Rb4 30. Re3 Qf5 31. Rxa6 Rc8 32. Ra7 Re8 33. Rf3 Qd5 34. Rd3 Qf5 35. Rxe7 1-0

[Event "21st Sants Open 2019"]
[Site "Cotxeres de Sants"]
[Date "2019.08.29"]
[Round "7.19"]
[White "Paton Alvarez, Ivan"]
[Black "Juncosa Padros, Ernest"]
[Result "1-0"]
[ECO "C90"]
[WhiteElo "1544"]
[BlackElo "1590"]
[Annotator "NA"]
[PlyCount "149"]
[EventDate "2019.08.22"]
[EventType "swiss"]
[EventCountry "ESP"]
[SourceTitle "playchess.com"]
[Source "ChessBase"]
[SourceQuality "1"]
[TimeControl "40/5400+30:1800+30"]

1. e4 e5 2. Nf3 Nc6 3. Bb5 a6 4. Ba4 Nf6 5. d3 b5 6. Bb3 Be7 7. O-O d6 8. Re1 O-O 9. c3 Na5 10. Bc2 c5 11. Nbd2 Qc7 12. Nf1 Bb7 13. Ng3 Rfe8 14. Nf5 Bf8 15. Bg5 Nd7 16. N3h4 Nc6 17. Qg4 g6 18. Nh6+ Kg7 19. N4f5+ Kh8 20. Nxd6 Bxd6 21. Qxd7 Kg7 22. Qg4 f6 23. Bd2 Bc8 24. Qg3 Be6 25. h4 Qd7 26. Bd1 Bc7 27. Bg4 Bxg4 28. Nxg4 Rad8 29. Rad1 Re6 30. f3 Rd6 31. Nf2 c4 32. h5 cxd3 33. Be3 Qe6 34. Bc5 R6d7 35. b3 Na5 36. Rd2 Bb6 37. Bxb6 Qxb6 38. Red1 Nc6 39. Kh1 b4 40. c4 Qe3 41. Nh3 Na5 42. Qf2 Qxf2 43. Nxf2 gxh5 44. Rxd3 Rxd3 45. Rxd3 Rc8 46. Rd7+ Kg6 47. Ra7 Rc6 48. Nd3 Rb6 49. Nc5 Kg5 50. Rxa6 Rxa6 51. Nxa6 Nc6 52. Kg1 Kf4 53. Kf2 h4 54. Nc5 Kg5 55. Ne6+ Kg6 56. Ke3 f5 57. Nc5 Kg5 58. exf5 Kxf5 59. Ne4 h5 60. Nf2 Nd4 61. Nd3 Nc6 62. f4 exf4+ 63. Nxf4 Kg4 64. Ke4 Kg3 65. Kf5 Nd4+ 66. Kg5 Nc6 67. Nxh5+ Kxg2 68. Kxh4 Kf3 69. Kg5 Ke4 70. Kf6 Ne5 71. Ng3+ Kd4 72. Nf5+ Ke4 73. Ke6 Kf4 74. c5 Ke4 75. Ne7 {[%emt 0:00:32] Kd5+} 1-0

[Event "21st Sants Open 2019"]
[Site "Cotxeres de Sants"]
[Date "2019.08.30"]
[Round "8.1"]
[White "Neef, Maximilian"]
[Black "Arjun Kalyan"]
[Result "1/2-1/2"]
[ECO "A07"]
[WhiteElo "2481"]
[BlackElo "2482"]
[Annotator "ChessBase"]
[PlyCount "21"]
[EventDate "2019.08.22"]
[EventType "swiss"]
[EventCountry "ESP"]
[SourceTitle "playchess.com"]
[Source "ChessBase"]
[SourceQuality "1"]
[TimeControl "40/5400+30:1800+30"]

1. Nf3 d5 2. g3 Bg4 3. Bg2 c6 4. O-O Nf6 5. h3 Bxf3 6. Bxf3 e5 7. d3 Bc5 8. e4 O-O 9. Nd2 Nbd7 10. exd5 Nxd5 11. Ne4 1/2-1/2

[Event "21st Sants Open 2019"]
[Site "Cotxeres de Sants"]
[Date "2019.08.30"]
[Round "8.3"]
[White "Harsha Bharathakoti"]
[Black "Gines Esteo, Pedro Antonio"]
[Result "1-0"]
[ECO "A06"]
[WhiteElo "2489"]
[BlackElo "2417"]
[Annotator "ChessBase"]
[PlyCount "65"]
[EventDate "2019.08.22"]
[EventType "swiss"]
[EventCountry "ESP"]
[SourceTitle "playchess.com"]
[Source "ChessBase"]
[SourceQuality "1"]
[TimeControl "40/5400+30:1800+30"]

1. Nf3 d5 2. c4 c6 3. e3 Nf6 4. Nc3 g6 5. d4 Bg7 6. Be2 O-O 7. O-O dxc4 8. Bxc4 Bg4 9. Be2 Nbd7 10. e4 Bxf3 11. Bxf3 e5 12. d5 cxd5 13. exd5 Nb6 14. Qb3 Ne8 15. Ne4 Nd6 16. Bg5 f6 17. Nxd6 Qxd6 18. Bd2 Rf7 19. Bb4 Qd7 20. a4 Re8 21. a5 Nc8 22. d6 e4 23. Be2 Kh8 24. Bb5 Qxb5 25. Qxf7 Rf8 26. Qc7 Qxb4 27. d7 Ne7 28. d8=Q Nf5 29. Qdd7 Qxb2 30. Rab1 Qe2 31. Rxb7 Rg8 32. Qf7 e3 33. Qxg8+ 1-0

[Event "21st Sants Open 2019"]
[Site "Cotxeres de Sants"]
[Date "2019.08.30"]
[Round "8.5"]
[White "Vaibhav, Suri"]
[Black "Lettieri, Giuseppe"]
[Result "1-0"]
[ECO "B13"]
[WhiteElo "2591"]
[BlackElo "2431"]
[Annotator "ChessBase"]
[PlyCount "59"]
[EventDate "2019.08.22"]
[EventType "swiss"]
[EventCountry "ESP"]
[SourceTitle "playchess.com"]
[Source "ChessBase"]
[SourceQuality "1"]
[TimeControl "40/5400+30:1800+30"]

1. e4 c6 2. d4 d5 3. exd5 cxd5 4. Bd3 Nc6 5. c3 Qc7 6. h3 Nf6 7. Nf3 g6 8. Qc2 Nh5 9. O-O Nf4 10. Bb5 Bh6 11. c4 Bf5 12. Bxf4 Bxf4 13. Qa4 e6 14. Nc3 O-O-O 15. cxd5 exd5 16. Bxc6 bxc6 17. Rac1 Kb7 18. Ne5 Bxc1 19. Rxc1 Qb6 20. Qa3 Rc8 21. Nxf7 Qxd4 22. Nxh8 Qxh8 23. Na4 Qd8 24. Re1 Rc7 25. Nc5+ Ka8 26. Qa4 d4 27. g4 Qd5 28. Re8+ Bc8 29. Qa6 Kb8 30. Rxc8+ 1-0

[Event "21st Sants Open 2019"]
[Site "Cotxeres de Sants"]
[Date "2019.08.30"]
[Round "8.6"]
[White "Hillarp Persson, Tiger"]
[Black "Lagunow, Raphael"]
[Result "1-0"]
[ECO "A06"]
[WhiteElo "2558"]
[BlackElo "2431"]
[Annotator "ChessBase"]
[PlyCount "49"]
[EventDate "2019.08.22"]
[EventType "swiss"]
[EventCountry "ESP"]
[SourceTitle "playchess.com"]
[Source "ChessBase"]
[SourceQuality "1"]
[TimeControl "40/5400+30:1800+30"]

1. Nf3 d5 2. g3 Nd7 3. d4 b5 4. Nc3 c6 5. Bg2 f5 6. O-O Ngf6 7. Bg5 e6 8. e3 Qb6 9. a4 a5 10. Ne2 b4 11. Nf4 c5 12. c4 bxc3 13. bxc3 Ne4 14. c4 dxc4 15. Nd2 Nxg5 16. Bxa8 cxd4 17. Nxc4 Qa6 18. Bg2 Qxc4 19. Rc1 Qa6 20. Rc6 e5 21. Rxa6 Bxa6 22. Qh5+ Nf7 23. Qxf5 exf4 24. Qe6+ Be7 25. Qxa6 1-0

[Event "21st Sants Open 2019"]
[Site "Cotxeres de Sants"]
[Date "2019.08.30"]
[Round "8.8"]
[White "Panelo, Marcelo"]
[Black "Escobar Forero, Alder"]
[Result "1/2-1/2"]
[ECO "A55"]
[WhiteElo "2378"]
[BlackElo "2477"]
[Annotator "ChessBase"]
[PlyCount "78"]
[EventDate "2019.08.22"]
[EventType "swiss"]
[EventCountry "ESP"]
[SourceTitle "playchess.com"]
[Source "ChessBase"]
[SourceQuality "1"]
[TimeControl "40/5400+30:1800+30"]

1. d4 d6 2. Nf3 Nf6 3. c4 Nbd7 4. Nc3 e5 5. e4 c6 6. Be2 Be7 7. O-O O-O 8. Be3 a6 9. d5 cxd5 10. cxd5 b5 11. Nd2 Bb7 12. b4 Nxe4 13. Ndxe4 f5 14. a4 bxa4 15. Nxa4 fxe4 16. Bg4 Nf6 17. Be6+ Kh8 18. Nb6 Rb8 19. Qc2 Qe8 20. Qc7 Qd8 21. Qc2 Qe8 22. Qc7 Qd8 23. Qc4 Qe8 24. Rxa6 Bd8 25. Ra7 Bxd5 26. Bxd5 Bxb6 27. Bxb6 Nxd5 28. Qxd5 Rxb6 29. Qxe4 Rf4 30. Qd5 Rd4 31. Re7 Qg8 32. Qxg8+ Kxg8 33. Rc1 Rc6 34. Ra1 Ra6 35. Rc1 Rc4 36. Rd1 Rxb4 37. h3 Rab6 38. Rd7 Rb1 39. R7xd6 Rxd1+ 1/2-1/2

[Event "21st Sants Open 2019"]
[Site "Cotxeres de Sants"]
[Date "2019.08.30"]
[Round "8.9"]
[White "Arenas, David"]
[Black "Valderrama Quiceno, Esteban Alb"]
[Result "1/2-1/2"]
[ECO "B49"]
[WhiteElo "2448"]
[BlackElo "2429"]
[Annotator "NA"]
[PlyCount "24"]
[EventDate "2019.08.22"]
[EventType "swiss"]
[EventCountry "ESP"]
[SourceTitle "playchess.com"]
[Source "ChessBase"]
[SourceQuality "1"]
[TimeControl "40/5400+30:1800+30"]

1. e4 c5 2. Nf3 Nc6 3. Nc3 e6 4. d4 cxd4 5. Nxd4 Qc7 6. Be3 a6 7. Be2 Nf6 8. O-O Be7 9. f4 d6 10. Kh1 O-O 11. Qe1 Bd7 12. Qg3 b5 1/2-1/2

[Event "21st Sants Open 2019"]
[Site "Cotxeres de Sants"]
[Date "2019.08.30"]
[Round "8.10"]
[White "Sardana, Rishi"]
[Black "Idani, Pouya"]
[Result "1/2-1/2"]
[ECO "A21"]
[WhiteElo "2410"]
[BlackElo "2581"]
[Annotator "ChessBase"]
[PlyCount "77"]
[EventDate "2019.08.22"]
[EventType "swiss"]
[EventCountry "ESP"]
[SourceTitle "playchess.com"]
[Source "ChessBase"]
[SourceQuality "1"]
[TimeControl "40/5400+30:1800+30"]

1. c4 e5 2. Nc3 Bb4 3. Nd5 Na6 4. Nxb4 Nxb4 5. d3 c5 6. Nf3 Nc6 7. g3 Nge7 8. Bg2 O-O 9. O-O d5 10. cxd5 Nxd5 11. Qb3 Nc7 12. Be3 b6 13. Rfc1 Be6 14. Qa4 Bd5 15. Bxc5 bxc5 16. e4 Nb4 17. exd5 Qd6 18. Ne1 Rab8 19. a3 Nbxd5 20. Qxa7 Ne6 21. Rab1 Nf6 22. Qa4 Nd4 23. Qd1 Rfd8 24. Nf3 Nb3 25. Rc3 c4 26. Qe2 cxd3 27. Qxe5 Qb6 28. Qc7 d2 29. Qxb6 Rxb6 30. Rd1 Ne4 31. Rc2 f5 32. Bf1 Kf8 33. Kg2 g6 34. h4 h6 35. Bc4 Na1 36. Rxa1 d1=Q 37. Rxd1 Rxd1 38. a4 Ra1 39. Bb5 1/2-1/2

[Event "21st Sants Open 2019"]
[Site "Cotxeres de Sants"]
[Date "2019.08.30"]
[Round "8.11"]
[White "Puranik, Abhimanyu"]
[Black "Morales, Jhon Alexander"]
[Result "1/2-1/2"]
[ECO "B67"]
[WhiteElo "2550"]
[BlackElo "2405"]
[Annotator "ChessBase"]
[PlyCount "46"]
[EventDate "2019.08.22"]
[EventType "swiss"]
[EventCountry "ESP"]
[SourceTitle "playchess.com"]
[Source "ChessBase"]
[SourceQuality "1"]
[TimeControl "40/5400+30:1800+30"]

1. e4 c5 2. Nf3 d6 3. d4 cxd4 4. Nxd4 Nf6 5. Nc3 Nc6 6. Bg5 e6 7. Qd2 a6 8. O-O-O Bd7 9. Nxc6 Bxc6 10. f3 Qa5 11. Kb1 Be7 12. h4 h6 13. Be3 h5 14. Qf2 Qc7 15. Qg3 g6 16. Ne2 Rc8 17. Nd4 Bd7 18. Bd3 e5 19. Ne2 Be6 20. Rhf1 d5 21. Bc1 dxe4 22. fxe4 O-O 23. b3 Qd8 1/2-1/2

[Event "21st Sants Open 2019"]
[Site "Cotxeres de Sants"]
[Date "2019.08.30"]
[Round "8.13"]
[White "Harika, Dronavalli"]
[Black "Lorenzo De La Riva, Lazaro"]
[Result "1/2-1/2"]
[ECO "A05"]
[WhiteElo "2495"]
[BlackElo "2373"]
[Annotator "ChessBase"]
[PlyCount "80"]
[EventDate "2019.08.22"]
[EventType "swiss"]
[EventCountry "ESP"]
[SourceTitle "playchess.com"]
[Source "ChessBase"]
[SourceQuality "1"]
[TimeControl "40/5400+30:1800+30"]

1. Nf3 Nf6 2. c4 g6 3. g3 Bg7 4. Bg2 O-O 5. O-O d6 6. Nc3 e5 7. d4 Nc6 8. dxe5 dxe5 9. Bg5 Be6 10. Qc1 Qc8 11. Rd1 Nd7 12. b3 Re8 13. Bh6 f6 14. Bxg7 Kxg7 15. Qb2 Nd8 16. Rd2 Nf7 17. Rad1 Nf8 18. Ne4 Bf5 19. Ne1 Bxe4 20. Bxe4 c6 21. Bg2 Qc7 22. b4 Rad8 23. c5 Rxd2 24. Rxd2 Ne6 25. h4 h5 26. Bh3 f5 27. Nc2 Rd8 28. Ne3 Rd4 29. Rxd4 Nxd4 30. Nc4 Kh7 31. Bg2 Qe7 32. e3 Nb5 33. Qd2 e4 34. Bf1 Nc7 35. Be2 Nd5 36. a3 Qf6 37. Qd4 Qxd4 38. exd4 Kg7 39. Kf1 Kh7 40. Kg1 Nc3 1/2-1/2

[Event "21st Sants Open 2019"]
[Site "Cotxeres de Sants"]
[Date "2019.08.30"]
[Round "8.14"]
[White "Munoz, Miguel"]
[Black "Sanchez, Sebastian Felipe"]
[Result "1/2-1/2"]
[ECO "B11"]
[WhiteElo "2514"]
[BlackElo "2405"]
[Annotator "ChessBase"]
[PlyCount "91"]
[EventDate "2019.08.22"]
[EventType "swiss"]
[EventCountry "ESP"]
[SourceTitle "playchess.com"]
[Source "ChessBase"]
[SourceQuality "1"]
[TimeControl "40/5400+30:1800+30"]

1. e4 c6 2. Nc3 d5 3. Nf3 Bg4 4. Be2 e6 5. O-O Nf6 6. e5 Nfd7 7. d4 Be7 8. Ne1 Bxe2 9. Nxe2 c5 10. c3 Nc6 11. Nd3 O-O 12. Be3 Rc8 13. Nef4 c4 14. Ne1 b5 15. Qg4 Kh8 16. Nf3 b4 17. Rfc1 Rb8 18. h4 Rb6 19. g3 bxc3 20. bxc3 Ba3 21. Rc2 Ne7 22. Ng5 Qe8 23. Bc1 Bxc1 24. Raxc1 h6 25. Nf3 Ng6 26. Nh5 f5 27. exf6 gxf6 28. Nf4 Rg8 29. Nxg6+ Rxg6 30. Qf4 Qb8 31. Qxb8+ Rxb8 32. Re2 Nf8 33. Ne1 Rg7 34. Ng2 Rgb7 35. Nf4 Rb1 36. Rxb1 Rxb1+ 37. Kg2 Rb6 38. Kf3 Kg7 39. Kg4 f5+ 40. Kh5 Kh7 41. g4 fxg4 42. Kxg4 Kg7 43. Kh5 Kh7 44. Kg4 Kg7 45. Kh5 Kh7 46. Kg4 1/2-1/2

[Event "21st Sants Open 2019"]
[Site "Cotxeres de Sants"]
[Date "2019.08.30"]
[Round "8.15"]
[White "Romero Moreno, Felix"]
[Black "Garcia Ruiz, Adrian"]
[Result "1/2-1/2"]
[ECO "D37"]
[WhiteElo "1914"]
[BlackElo "1933"]
[Annotator "NA"]
[PlyCount "81"]
[EventDate "2019.08.22"]
[EventType "swiss"]
[EventCountry "ESP"]
[SourceTitle "playchess.com"]
[Source "ChessBase"]
[SourceQuality "1"]
[TimeControl "40/5400+30:1800+30"]

1. d4 Nf6 2. Nf3 d5 3. c4 e6 4. Nc3 dxc4 5. e3 a6 6. Bxc4 b5 7. Bb3 Bb7 8. O-O c5 9. Qe2 cxd4 10. exd4 Be7 11. Rd1 b4 12. Na4 O-O 13. Bg5 Nbd7 14. Rac1 Bd5 15. Ne5 Bxb3 16. axb3 Nb8 17. Nc5 Nd5 18. Bxe7 Qxe7 19. Ncd3 Rd8 20. Rc5 Qb7 21. Rdc1 Nd7 22. Nxd7 Qxd7 23. Ne5 Qb7 24. Qf3 f6 25. Nc6 Rd7 26. Qe4 Rd6 27. Na5 Qf7 28. Rc8+ Rd8 29. R8c6 Re8 30. Nc4 Qg6 31. Qxg6 hxg6 32. Re1 Rad8 33. Rcxe6 Rxe6 34. Rxe6 Nf4 35. Rxa6 Rxd4 36. f3 Rd3 37. Rd6 Rxb3 38. Rd2 Kf7 39. Kf1 Ke6 40. Rd6+ Ke7 41. Rd2 1/2-1/2

[Event "21st Sants Open 2019"]
[Site "Cotxeres de Sants"]
[Date "2019.08.30"]
[Round "8.16"]
[White "Bedoya Rosales, Luis"]
[Black "Planella Sanchez, Jordi"]
[Result "0-1"]
[ECO "B27"]
[WhiteElo "1899"]
[BlackElo "1919"]
[Annotator "NA"]
[PlyCount "106"]
[EventDate "2019.08.22"]
[EventType "swiss"]
[EventCountry "ESP"]
[SourceTitle "playchess.com"]
[Source "ChessBase"]
[SourceQuality "1"]
[TimeControl "40/5400+30:1800+30"]

1. e4 c5 2. Nf3 b6 3. d4 cxd4 4. Nxd4 Bb7 5. Nc3 e6 6. Bd3 a6 7. O-O Qc7 8. Qe2 d6 9. Be3 Nf6 10. Rae1 Nbd7 11. f4 Nc5 12. Bf2 Nxd3 13. cxd3 Be7 14. Rc1 Rc8 15. Be3 Qd8 16. Rc2 O-O 17. Rfc1 Qd7 18. h3 Rfd8 19. b3 b5 20. b4 e5 21. Nb3 Re8 22. a3 Bf8 23. Qd1 g6 24. Na5 Ba8 25. Ne2 Nh5 26. Rxc8 Rxc8 27. Rxc8 Qxc8 28. Qc1 Qd7 29. g4 exf4 30. Nxf4 Nxf4 31. Bxf4 Bg7 32. Kh2 f5 33. gxf5 gxf5 34. Qc2 fxe4 35. dxe4 Qe6 36. Qb3 d5 37. exd5 Bxd5 38. Qd3 Qf7 39. Kg3 Bf6 40. Kh2 Qe6 41. Bg3 Bc4 42. Qf3 Bd5 43. Qd3 Kg7 44. Bf4 Qf7 45. Bg3 Kg8 46. Qf5 Be6 47. Qc5 Qd7 48. Bd6 Bxh3 49. Nc6 Bf1 50. Qd5+ Kh8 51. Ne5 Qa7 52. Nf7+ Kg7 53. Bc5 Qxf7 0-1

[Event "21st Sants Open 2019"]
[Site "Cotxeres de Sants"]
[Date "2019.08.30"]
[Round "8.17"]
[White "Castellet Menchon, Cora"]
[Black "Carmona Huertas, Juan Antonio"]
[Result "0-1"]
[ECO "D85"]
[WhiteElo "1866"]
[BlackElo "1930"]
[Annotator "NA"]
[PlyCount "92"]
[EventDate "2019.08.22"]
[EventType "swiss"]
[EventCountry "ESP"]
[SourceTitle "playchess.com"]
[Source "ChessBase"]
[SourceQuality "1"]
[TimeControl "40/5400+30:1800+30"]

1. d4 Nf6 2. c4 g6 3. Nc3 d5 4. cxd5 Nxd5 5. e4 Nxc3 6. bxc3 Bg7 7. Be3 c5 8. Qd2 cxd4 9. cxd4 O-O 10. Rc1 Nc6 11. d5 Na5 12. Nf3 b6 13. Be2 f5 14. e5 Bb7 15. Rd1 Rc8 16. O-O Qd7 17. e6 Qa4 18. Bh6 Rc2 19. Qg5 Bf6 20. Qe3 f4 21. Qd3 Rd8 22. Ne1 Rc3 23. Qd2 Rxd5 24. Qxf4 Qxf4 25. Bxf4 Rxd1 26. Bxd1 Ba6 27. Nf3 Bxf1 28. Kxf1 Rc6 29. Bd2 Bc3 30. Bxc3 Rxc3 31. a4 Rc6 32. Ng5 h6 33. Nf7 Kg7 34. Bg4 h5 35. Bh3 Nb3 36. g3 Nd4 37. Ng5 a6 38. Ke1 b5 39. axb5 axb5 40. Bg2 Rd6 41. Ne4 Rxe6 42. Kd2 Ra6 43. Kc3 e5 44. f4 Ra3+ 45. Kb2 Rb3+ 46. Ka2 Re3 0-1